 Dungeon Crawl Stone Soup version 0.29.1-13-g9f3cf754e1 (webtiles) character file.

Game seed: 14133337842615318606

24505 bjubeck the Fighter (level 12, 0/117 HPs)
             Began as a Minotaur Fighter on Feb 2, 2023.
             Was an Elder of Makhleb.
             Slain by an orc warlord
             ... wielding a +0 great sword
              (23 damage)
             ... on level 1 of the Orcish Mines.
             The game lasted 00:47:25 (15467 turns).

bjubeck the Fighter (Minotaur Fighter)             Turns: 15467, Time: 00:47:25

Health: 0/117      AC: 24    Str: 32    XL:     12   Next: 81%
Magic:  27/27      EV: 10    Int: 10    God:    Makhleb [****..]
Gold:   1491       SH:  5    Dex: 16    Spells: 11/11 levels left

rFire   . . .      SeeInvis .   t - +7 battleaxe (freeze)
rCold   . . .      Faith    .   (shield currently unavailable)
rNeg    + . .      Spirit   .   o - +0 pearl dragon scales
rPois   .          Reflect  +   X - +3 hat of Pondering {ponderous, Will+ MP+10 Int+5}
rElec   .          Harm     .   L - +0 cloak
rCorr   .          Rampage  .   Z - +0 pair of gloves
Will    +....                   O - +0 pair of boots
Stlth   ..........              J - amulet of reflection
HPRegen 0.29/turn               Y - +6 ring of dexterity
MPRegen 0.20/turn               R - +6 ring of strength

@: slow
A: horns 2, retaliatory headbutt
a: Renounce Religion, Minor Destruction, Lesser Servant of Makhleb, Major
Destruction


You were on level 1 of the Orcish Mines.
You worshipped Makhleb.
Makhleb was greatly pleased with you.
You visited 4 branches of the dungeon, and saw 18 of its levels.

You collected 1601 gold pieces.
You spent 110 gold pieces at shops.

Inventory:

Hand Weapons
 t - a +7 battleaxe of freezing (weapon)
Armour
 o - +0 pearl dragon scales (worn)
 L - a +0 cloak (worn)
 O - a +0 pair of boots (worn)
 T - a +0 tower shield
 X - the +3 hat of Pondering (worn) {ponderous, Will+ MP+10 Int+5}
   (You took it off Gastronok on level 2 of the Lair of Beasts)

   Int:       It affects your intelligence (+5).
   MP:        It affects your magic capacity (+10).
   Will:      It increases your willpower.
 Z - a +0 pair of gloves (worn)
Jewellery
 l - a ring of fire
 I - a +4 ring of slaying
 J - an amulet of reflection (around neck)
 R - a +6 ring of strength (right hand)
 S - a ring of protection from fire
 Y - a +6 ring of dexterity (left hand)
Wands
 B - a wand of quicksilver (5)
 F - a wand of roots (7)
 G - a wand of polymorph (11)
 H - a wand of digging (1)
 M - a wand of charming (12)
 U - a wand of flame (9)
Scrolls
 a - a scroll of fear {unknown}
 e - 5 scrolls of noise {unknown}
 f - 8 scrolls of identify
 g - 4 scrolls of fog {unknown}
 i - 8 scrolls of teleportation
 j - 5 scrolls of poison {unknown}
 m - 4 scrolls of enchant armour {unknown}
 n - 7 scrolls of blinking
 s - 2 scrolls of silence {unknown}
 v - a scroll of torment {unknown}
 w - 3 scrolls of enchant weapon {unknown}
 x - 2 scrolls of vulnerability {unknown}
 y - a scroll of amnesia {unknown}
 C - a scroll of summoning {unknown}
 N - a scroll of magic mapping {unknown}
 P - a scroll of immolation {unknown}
Potions
 b - a potion of flight {unknown}
 d - 4 potions of might
 h - 5 potions of cancellation
 k - 6 potions of curing
 p - a potion of berserk rage {unknown}
 q - a potion of degeneration {unknown}
 r - 3 potions of brilliance
 u - 6 potions of ambrosia
 z - a potion of haste {unknown}
 A - 2 potions of heal wounds {unknown}
 D - a potion of magic {unknown}
 E - 4 potions of invisibility {unknown}
 K - a potion of mutation {unknown}
 Q - a potion of resistance {unknown}
 V - 2 potions of lignification {unknown}
 W - 2 potions of attraction {unknown}
Miscellaneous
 c - a tin of tremorstones (2/2)


   Skills:
 + Level 14.2 Fighting
 + Level 13.9 Axes
 + Level 13.8 Armour
 - Level 3.6 Shields
 + Level 9.2 Invocations


You had 11 spell levels left.
You didn't know any spells.
Your spell library contained the following spells:

 Spells                   Type           Power      Damage    Failure   Level
 Magic Dart               Conj           0%         1d3       56%         1
 Blink                    Tloc           0%         N/A       71%         2
 Call Imp                 Summ           0%         N/A       71%         2
 Mephitic Cloud           Conj/Pois/Air  0%         N/A       91%         3
 Portal Projectile        Hex/Tloc       0%         N/A       91%         3
 Tukima's Dance           Hex            0%         N/A       91%         3
 Blade Hands              Tmut           0%         N/A       100%        5
 Freezing Cloud           Conj/Ice/Air   0%         6-21      100%        5
 Manifold Assault         Tloc           0%         N/A       100%        5
 Simulacrum               Ice/Necr       0%         N/A       100%        6
 Storm Form               Tmut/Air       0%         N/A       100%        7
 Polar Vortex             Ice            0%         N/A       100%        9


Dungeon Overview and Level Annotations

Branches:
Dungeon (13/15)            Temple (1/1) D:6            Lair (2/5) D:8
    Orc (2/2) D:12            Elf (0/3) Orc:2
  Swamp: Lair:2-3    Shoals: Lair:2-3     Snake: Lair:2-3    Spider: Lair:2-3
 Vaults: D:13-14

Altars:
Cheibriados
Elyvilon
Fedhas
Gozag
Hepliaklqana
Kikubaaqudgha
Makhleb
Nemelex Xobeh
Okawaru
Ru
Trog
Vehumet
Xom
Yredelemnul
Zin
The Shining One

Shops:
D:2 *   D:3 [   D:8 (   D:11 ([

Annotations:
D:3 1 runed translucent door, Soil's ghost, amateur OpFi


Innate Abilities, Weirdness & Mutations

You have a pair of horns on your head.
You reflexively headbutt those who attack you in melee.


Message History

There is a stone staircase leading down here.
You climb downwards.
The orc shouts!
The deep elf pyromancer gestures wildly while chanting.
You block the orc warlord's attack.
The orc warlord roars a battlecry!
The orc goes into a battle-frenzy!
The deep elf pyromancer gestures wildly while chanting.
The deep elf pyromancer blinks!
There is a stone staircase leading up here.
The orc hits you but does no damage.
The orc warlord hits you but does no damage.
The deep elf pyromancer mumbles some strange words.
The deep elf pyromancer blinks!
You climb upwards.
There is a stone staircase leading down here.
A demon appears!
The orc hits you with a +0 flail.
The orc warlord hits you with a +0 great sword!
The orc warlord attacks as you move away!
The orc warlord hits you with a +0 great sword!!
The orc hits you but does no damage.
Your neqoxec hits the orc warlord but does no damage.
You see here a +0 hand axe.
You slash the orc warlord! You freeze the orc warlord.
Your headbutt misses the orc warlord.
The orc warlord is lightly wounded.
You slash the orc! You freeze the orc.
You kill the orc!
Makhleb accepts your kill.
You feel better.
The orc warlord hits you with a +0 great sword!!
Your neqoxec hits the orc warlord but does no damage.
The orc warlord attacks as you move away!
The orc warlord hits you with a +0 great sword!!
* * * LOW HITPOINT WARNING * * *
You see here a +0 giant spiked club.
There is a staircase back to the Dungeon, spattered with blood here.
You can't go down here!
The orc warlord hits you with a +0 great sword!!
You die...

#.### #.# ### ### #.#
##### ###.## ##...###
#.#..###
##......####@....##
#....#..#.3o.#....##
###...###..)...##....##
#.#....##)>).#####....#
##.......[)....##....##
##.........#..#...###
##........#......#
#####^..._..#...####
##.###.......#####


You could see an orc warlord (ally target) and a friendly neqoxec (summoned).

Vanquished Creatures
  Gastronok (Lair:2)
  Josephine (D:10)
  2 two-headed ogres (D:11)
  A shadow wraith (D:12)
  An ugly thing (D:12)
  An orc sorcerer (Orc:2)
  A cyclops (D:12)
  A guardian serpent (Lair:2)
  2 cane toads (Lair:1)
  A kobold demonologist (D:10)
  Psyche (D:8)
  A freezing wraith (D:11)
  4 komodo dragons
  A queen bee (Lair:2)
  7 trolls
  A hornet (D:10)
  3 slime creatures (D:12)
  4 vampires
  21 yaks
  A shadow (D:10)
  Sigmund (D:6)
  Eustachio (D:5)
  2 wyverns
  8 wraiths
  A basilisk (Lair:2)
  A steam dragon (D:8)
  3 vampire mosquitoes (D:12)
  3 wargs (Orc:2)
  8 water moccasins
  12 orc warriors
  4 black bears
  2 ice beasts
  2 sky beasts
  6 ogres (Orc:1)
  6 wolves (Lair:2)
  4 centaurs
  Blork the orc (D:6)
  3 phantoms (D:5)
  5 bullfrogs
  3 kobold brigands
  3 scorpions
  A necrophage (D:4)
  10 wights
  21 killer bees
  3 howler monkeys
  3 lava snakes
  A jelly (D:6)
  A gnoll bouda (Orc:1)
  6 orc priests
  2 hounds
  An iron imp (D:10)
  6 iguanas (D:5)
  16 orc wizards
  8 gnolls
  7 adders
  A river rat (D:5)
  An ufetubus (D:4)
  2 worms
  2 dart slugs
  44 orcs
  7 endoplasms
  5 giant cockroaches
  7 goblins
  10 hobgoblins
  4 jackals (D:2)
  7 quokkas
  7 ball pythons
  7 bats
  3 frilled lizards (D:2)
  25 kobolds
  10 rats
  2 toadstools (D:2)
365 creatures vanquished.

Vanquished Creatures (others)
  3 fungi
  7 plants
  A toadstool (D:2)
11 creatures vanquished.

Grand Total: 376 creatures vanquished

Notes
Turn   | Place    | Note
-------+----------+-------------------------------------------
     0 | D:1      | bjubeck the Minotaur Fighter began the quest for the Orb.
     0 | D:1      | Reached XP level 1. HP: 19/19 MP: 0/0
   196 | D:1      | Reached skill level 4 in Fighting
   196 | D:1      | Reached XP level 2. HP: 27/27 MP: 1/1
   877 | D:2      | Reached XP level 3. HP: 32/34 MP: 2/2
  1169 | D:2      | Reached XP level 4. HP: 41/41 MP: 3/3
  1473 | D:2      | Reached skill level 5 in Fighting
  1540 | D:2      | Found Ecwigext's General Store.
  1550 | D:2      | Bought a scroll of teleportation for 33 gold pieces
  1550 | D:2      | Bought a potion of brilliance for 44 gold pieces
  1550 | D:2      | Bought a potion of curing for 33 gold pieces
  2067 | D:3      | Found a faded altar of an unknown god.
  2206 | D:3      | Reached XP level 5. HP: 45/48 MP: 4/4
  2375 | D:3      | Found Ytuumy's Armour Shoppe.
  2389 | D:3      | Found a runed translucent door.
  2390 | D:3      | Noticed Soil's ghost (amateur OpFi)
  2647 | D:4      | Noticed a black bear
  2657 | D:4      | Killed a black bear
  2658 | D:4      | Reached skill level 5 in Axes
  2717 | D:4      | Found a basalt altar of Yredelemnul.
  2730 | D:4      | Noticed a black bear
  2735 | D:4      | Killed a black bear
  2736 | D:4      | Reached skill level 6 in Fighting
  2736 | D:4      | Reached skill level 5 in Armour
  2736 | D:4      | Reached XP level 6. HP: 50/57 MP: 5/5
  3164 | D:4      | Found a bloodstained altar of Trog.
  3494 | D:5      | Entered Level 5 of the Dungeon
  3537 | D:5      | Reached XP level 7. HP: 64/64 MP: 6/6
  3598 | D:5      | Reached skill level 7 in Fighting
  3918 | D:5      | Reached XP level 8. HP: 67/74 MP: 7/7
  4090 | D:5      | Noticed Eustachio
  4097 | D:5      | Killed Eustachio
  4098 | D:5      | Reached skill level 8 in Fighting
  4309 | D:5      | Found an ancient bone altar of Kikubaaqudgha.
  4601 | D:5      | Found a glowing silver altar of Zin.
  4601 | D:5      | Noticed an angel
  4823 | D:6      | Found a radiant altar of Vehumet.
  4905 | D:6      | Found a staircase to the Ecumenical Temple.
  5209 | D:6      | Identified the +0 scale mail of the Moon {rElec}
  5243 | D:6      | Noticed Sigmund
  5250 | D:6      | Killed Sigmund
  5251 | D:6      | Reached skill level 9 in Fighting
  5312 | D:6      | Noticed Blork the orc
  5325 | D:6      | Killed Blork the orc
  5378 | D:6      | Reached XP level 9. HP: 41/83 MP: 8/8
  6056 | Temple   | Entered the Ecumenical Temple
  6148 | Temple   | Became a worshipper of Makhleb the Destroyer
  6214 | D:7      | Found a sparkling altar of Nemelex Xobeh.
  6295 | D:7      | Reached skill level 1 in Invocations
  6754 | D:7      | Reached * piety under Makhleb
  6820 | D:7      | Noticed a troll
  6826 | D:7      | Killed a troll
  6827 | D:7      | Reached skill level 10 in Fighting
  7100 | D:8      | Noticed Psyche
  7103 | D:8      | Killed Psyche
  7104 | D:8      | Found Jek Ripsail's Weapon Shop.
  7177 | D:8      | Reached skill level 10 in Axes
  7448 | D:8      | Found an iron altar of Okawaru.
  7474 | D:8      | Found a staircase to the Lair.
  7786 | D:8      | Noticed an ogre mage
  7791 | D:8      | Reached XP level 10. HP: 76/94 MP: 11/11
  7950 | Lair:1   | Entered Level 1 of the Lair of Beasts
  7982 | Lair:1   | Reached skill level 10 in Armour
  8291 | Lair:1   | Noticed a four-headed hydra
  8309 | Lair:2   | Reached skill level 11 in Fighting
  8323 | Lair:2   | Reached ** piety under Makhleb
  8324 | Lair:2   | Reached skill level 5 in Invocations
  8680 | Lair:2   | Noticed a guardian serpent
  8698 | Lair:2   | Killed a guardian serpent
  8833 | Lair:2   | Reached XP level 11. HP: 96/104 MP: 14/14
  9069 | Lair:2   | Noticed Gastronok
  9096 | Lair:2   | Killed Gastronok
  9097 | Lair:2   | Reached skill level 12 in Fighting
  9183 | Lair:2   | Noticed a five-headed hydra
  9926 | D:9      | Reached *** piety under Makhleb
 10668 | D:10     | Entered Level 10 of the Dungeon
 11168 | D:10     | Noticed Josephine
 11178 | D:10     | Paralysed by a hornet for 1 turns
 11184 | D:10     | Killed Josephine
 11198 | D:10     | Reached skill level 13 in Fighting
 11621 | D:10     | Found a snail-covered altar of Cheibriados.
 11703 | D:11     | Noticed a two-headed ogre
 11712 | D:11     | Killed a two-headed ogre
 11713 | D:11     | Reached XP level 12. HP: 86/115 MP: 16/16
 12086 | D:11     | Found Ominifif's Weapon Shop.
 12121 | D:11     | Reached **** piety under Makhleb
 12191 | D:11     | Noticed a two-headed ogre
 12199 | D:11     | Killed a two-headed ogre
 12392 | D:11     | Found Gurauh's Antique Armour Shoppe.
 13087 | D:12     | Found a hazy altar of Hepliaklqana.
 14073 | D:12     | Found a staircase to the Orcish Mines.
 14173 | D:12     | Identified the +3 battleaxe "Zege" {venom, Str+3}
 14395 | D:13     | Noticed a four-headed hydra
 14447 | Orc:1    | Entered Level 1 of the Orcish Mines
 14462 | Orc:1    | You fall into a shaft and drop 1 floor!
 14462 | Orc:2    | Entered Level 2 of the Orcish Mines
 14757 | Orc:2    | Reached skill level 14 in Fighting
 15127 | Orc:2    | Noticed an orc warlord
 15305 | Orc:2    | Found a staircase to the Elven Halls.
 15467 | Orc:1    | Slain by an orc warlord

Illustrated notes

Levels and vault maps discovered:
D:1:      heliophobic_arrival_dark_side_of_the_moon, layout_loops_ring
D:2:      layout_basic, serial_shops, shop, minmay_gold_behind_fungi
D:3:      layout_rooms, ebering_ghost_reflecting_pool, serial_shops, shop,
          shapermc_ecumenical_altar_totnotflames
D:4:      minmay_angry_zag, layout_gridville, trog_book,
          mainiacjoe_overflow_tiny_flanked
D:5:      layout_layer_cave, zin_angel, kiku_gazebo_pond_becter,
          portal_sewer_entry_e, minmay_bent, uniq_eustachio
D:6:      minmay_general_purpose_star, layout_cave_pools,
          mainiacjoe_overflow_alcove_2, minmay_temple_entry_junction_2,
          kennysheep_potato, uniq_sigmund, uniq_blork_the_orc
D:7:      layout_rooms, mainiacjoe_overflow_paths
D:8:      layout_loops_ring, okawaru_ov_weapons_minmay, marbit_many_paths,
          serial_shops, nicolae_shop_competitors_out_of_business,
          kennysheep_island_fort, uniq_psyche
D:9:      layout_basic, kennysheep_generic_room_2
D:10:     layout_roguey, slow_altar_2, uniq_josephine
D:11:     layout_loops_corners, serial_shops, nicolae_stop_n_shop_1,
          nicolae_shop_bloodbath_and_beyond
D:12:     layout_small_grid, orc_0_dummy, nicolae_hepliaklqana_hazy_memory
D:13:     layout_roguey, david_vaults_2, portal_ice_cave_entry_imps,
          gauntlet_entry_generic
Temple:   oiseaux_autumnal_temple
Lair:1:   layout_roguey, grunt_megastairs_4
Lair:2:   layout_misc_corridors, minmay_snake_entry_spellcaster,
          gammafunk_ghost_arena, special_room [special_room_bee],
          grunt_megastairs_2, uniq_gastronok
Orc:1:    layout_diamond_mine, basic_altar
Orc:2:    st_orc_town, layout_caves, basic_altar, serial_shops,
          nicolae_shop_trees, elves_outpost_lemuel

Skill      XL: |  1  2  3  4  5  6  7  8  9 10 11 12 |
---------------+-------------------------------------+-----
Fighting       | 4 5 6 7 9 10 11 13 14 | 14.2
Axes           | 3 4 5 6 7 8 10 11 12 13 | 13.9
Armour         | 4 5 6 8 9 11 12 13 | 13.8
Invocations    | 3 5 7 9 |  9.2
Shields        | |  3.6

Action                   |  1- 3 |  4- 6 |  7- 9 | 10-12 || total
-------------------------+-------+-------+-------+-------++-------
Melee: War axe           |    56 |   133 |   244 |   306 ||   739
       Headbutt          |     5 |    18 |    40 |    96 ||   159
       Battleaxe         |       |       |       |   144 ||   144
Invok: Lesser Servant of |       |       |       |     1 ||     1
Evoke: Wand              |       |       |       |     1 ||     1
  Use: Scroll            |       |       |       |     3 ||     3
Armor: Scale mail        |    17 |       |       |       ||    17
       Pearl dragon scal |     2 |   100 |   101 |   224 ||   427
Dodge: Dodged            |    31 |    88 |    96 |   151 ||   366
Block: Buckler           |    11 |    35 |    49 |    53 ||   148
       Other             |       |       |       |    19 ||    19
